 Dungeon Crawl Stone Soup version 0.25-a0-84-g11f2770c52 (webtiles) character file.

Game seed: 14973629111176536680, levelgen mode: deterministic

89592 pompous the Spear-Bearer (level 15, -2/132 HPs)
             Began as a Naga Fire Elementalist on Nov 7, 2019.
             Was the Champion of Cheibriados.
             Killed from afar by an ogre mage (15 damage)
             ... with a bolt of lightning
             ... on level 2 of the Orcish Mines.
             The game lasted 02:36:15 (29350 turns).

pompous the Spear-Bearer (Naga Fire Elementalist)  Turns: 29350, Time: 02:36:17

Health: -2/132     AC: 22    Str: 31    XL:     15   Next: 97%
Magic:  1/36       EV:  8    Int: 29    God:    Cheibriados [******]
Gold:   1796       SH: 15    Dex: 29    Spells: 11/30 levels left

rFire    + . .     SeeInvis +   y - +1 trident
rCold    . . .     Gourm    +   n - +1 shield {AC+3}
rNeg     . . .     Faith    .   X - +2 chain mail {MR+}
rPois    +         Spirit   .   P - +1 helmet
rElec    .         Reflect  .   L - scarf {repulsion}
rCorr    .         Harm     .   T - +0 pair of gloves
MR       ++...                  (no barding)
Stlth    +.........             i - amulet of the gourmand
HPRegen  0.32/turn              C - ring of fire
MPRegen  0.25/turn              J - ring "Riraozin" {rPois rC+ MP+9 Str+2 Slay+2}

@: very slightly contaminated, studying Throwing, repel missiles, very slow
A: large, see invisible, deformed body, dopey 1, sense surroundings 1, poison
resistance, slowness 2, slow metabolism 1, spit poison 2, constrict 1, AC +5
a: Breathe Poison Gas, Bend Time, Temporal Distortion, Slouch, Step From Time,
Renounce Religion


You were on level 2 of the Orcish Mines.
You worshipped Cheibriados.
Cheibriados was exalted by your worship.
You were very full.

You visited 4 branches of the dungeon, and saw 23 of its levels.
You also visited: Sewer, Ossuary and Ice Cave.

You collected 1796 gold pieces.

Inventory:

Hand Weapons
 y - a +1 trident (weapon)
Missiles
 l - 2 atropa-tipped darts
 F - 4 throwing nets
 M - 67 poisoned darts (quivered)
 R - 5 boomerangs of dispersal
 U - 30 boomerangs
Armour
 n - a +1 shield of protection (worn)
 v - the +2 leather armour "Weucw" {rElec rF+}
   (You found it on level 3 of the Lair of Beasts)

   It protects you from fire.
   It insulates you from electricity.
 I - a +0 cloak
 L - a scarf of repulsion (worn)
 P - a +1 helmet (worn)
 T - a +0 pair of gloves (worn)
 X - a +2 chain mail of magic resistance (worn)
Magical Staves
 Q - an uncursed staff of fire
Jewellery
 f - the ring of Huheyt {EV+1 Dex+7}
   (You found it on level 6 of the Lair of Beasts)

   [ring of evasion]

   It affects your evasion (+1).
   It affects your dexterity (+7).
 i - an amulet of the gourmand (around neck)
 u - an uncursed ring of protection from cold
 w - an uncursed ring of protection from cold
 z - an uncursed ring of resist corrosion
 C - a ring of fire (left hand)
 D - an uncursed ring of protection from magic
 E - an uncursed ring of fire
 J - the ring "Riraozin" (right hand) {rPois rC+ MP+9 Str+2 Slay+2}
   (You found it on level 1 of the Lair of Beasts)

   [ring of strength]

   It affects your strength (+2).
   It affects your accuracy and damage with ranged weapons and melee attacks
   (+2).
   It protects you from cold.
   It protects you from poison.
   It affects your magic capacity (+9).
 V - an uncursed ring of protection from cold
Wands
 b - a wand of digging (16)
 k - a wand of iceblast (12)
 p - a wand of enslavement (11)
 N - a wand of acid (10)
 S - a wand of paralysis (21)
 W - a wand of disintegration (31)
Scrolls
 g - 8 scrolls of remove curse
 h - 13 scrolls of teleportation
 j - 3 scrolls of fog
 m - 4 scrolls of fear
 q - a scroll of summoning
 A - a scroll of blinking
 G - 5 scrolls of identify
 H - 3 scrolls of amnesia
Potions
 a - 5 potions of brilliance
 d - 3 potions of cancellation
 e - 5 potions of ambrosia
 o - 5 potions of flight
 r - 3 potions of magic
 s - 3 potions of heal wounds
 x - 6 potions of curing
 B - 3 potions of resistance
 K - 4 potions of lignification
Books
 Y - a manual of Throwing
Miscellaneous
 t - a phial of floods
 O - 4 boxes of beasts
Comestibles
 c - 38 rations


   Skills:
 + Level 8.2 Fighting
 + Level 13.6 Polearms
 - Level 4.6 Throwing
 * Level 11.4 Armour
 - Level 1.7 Dodging
 - Level 4.9 Stealth
 - Level 8.6 Shields
 + Level 8.2 Spellcasting
 + Level 7.4 Conjurations
 + Level 8.9 Fire Magic
 - Level 7.0 Invocations
 - Level 0.9 Evocations


You had 11 spell levels left.
You knew the following spells:

 Your Spells              Type           Power        Failure   Level  Hunger
a - Flame Tongue          Conj/Fire      #####        1%          1    None
b - Conjure Flame         Conj/Fire      ######..     1%          3    None
c - Sticky Flame          Conj/Fire      ######..     6%          4    #......
d - Fireball              Conj/Fire      ######....   16%         5    ####...
e - Statue Form           Tmut/Erth      ##.......    100%        6    ######.

Your spell library contained the following spells:

 Spells                   Type           Power        Failure   Level  Hunger
 Throw Flame              Conj/Fire      ######       1%          2    None
 Sting                    Conj/Pois      ####         3%          1    None
 Inner Flame              Hex/Fire       ######..     9%          3    None
 Ignite Poison            Fire/Tmut/Pois #####...     16%         3    None
 Corona                   Hex            ##.....      17%         1    None
 Mephitic Cloud           Conj/Pois/Air  ####....     19%         3    None
 Slow                     Hex            ##......     26%         2    None
 Portal Projectile        Hex/Tloc       ##....       45%         3    None
 Spider Form              Tmut/Pois      ##........   45%         3    None
 Bolt of Magma            Conj/Fire/Erth ######....   45%         5    ####...
 Irradiate                Conj/Tmut      ####......   71%         5    ####...
 Cause Fear               Hex            ##........   86%         4    #......
 Leda's Liquefaction      Hex/Erth       ##........   86%         4    #......
 Summon Demon             Summ           ##........   99%         5    ####...
 Summon Forest            Summ/Tloc      ##........   99%         5    ####...
 Iron Shot                Conj/Erth      ####......   99%         6    ######.
 Hydra Form               Tmut           ##........   100%        6    ######.
 Dragon Form              Tmut           ##........   100%        7    #######
 Shatter                  Erth           ##........   100%        9    #######


Dungeon Overview and Level Annotations

Branches:
Dungeon (14/15)            Temple (1/1) D:7            Lair (6/6) D:9
 Shoals (0/4) Lair:3        Snake (0/4) Lair:2        Slime (0/5) Lair:6
    Orc (2/2) D:12          Sewer (visited)         Ossuary (visited)
  IceCv (visited)
    Elf: Orc:2       Vaults: D:13-14

Altars:
Ashenzari
Cheibriados
Dithmenos
Elyvilon
Fedhas
Makhleb
Nemelex Xobeh
Okawaru
Qazlal
Ru
Vehumet
Wu Jian
Xom
Yredelemnul
Zin
The Shining One
Beogh
Jiyva

Shops:
D:5 (?%   Orc:1 :   Orc:2 *

Annotations:
D:2 1 runed translucent door, Crazy Yiuf
D:4 exclusion: 2 downstairs
D:5 exclusion: statue
D:13 exclusion: 2 downstairs
D:14 Azrael
Lair:5 exclusion: downstairs
Orc:1 1 runed translucent door, exclusion: downstairs, Xusef's ghost, journeyman MiMo


Innate Abilities, Weirdness & Mutations

You cannot wear boots.
Your serpentine skin is tough. (AC +5)
You have supernaturally acute eyesight. (SInv)
Armour fits poorly on your strangely shaped body.
Your system is resistant to poisons. (rPois)
You cover ground very slowly.
You have a slow metabolism.
You can exhale a cloud of poison.
You can use your snake-like lower body to constrict enemies.
You are dopey. (Int -2)
You passively map a small area around you.


Message History

The ogre mage closely misses you.
An ogre comes into view. It is wielding a +0 giant club.
Unknown command.
You completely miss the cyclops.
The cyclops is almost dead.
You block the ogre mage's attack.
The cyclops hits you but does no damage.
Unknown command.
You hit the cyclops.
The cyclops is almost dead.
You block the ogre mage's attack.
Unknown command.
You impale the cyclops!!
You kill the cyclops!
Cheibriados thoroughly appreciates the change of pace.
The ogre mage points at you and mumbles some strange words.
The bolt of lightning hits you!!!
* * * LOW HITPOINT WARNING * * *
The bolt of lightning hits you!
You die...

, ...... *...#.......*
,...... * .#........#.
.....( ,
#.......##.###.....
##...........#....(.
*,*#.........#.#.......
#..)......#.........
#[○()........... ,
#@§OO.......... ###..
####........... ..... *
#...)......∩. #..... *
*###.(.......# *......
#.#..T.....# ###......
..,,,#####..#.....#
##........ ...,##.###..#
...##
.#............##....)..#
#.#
..).............#.....#..#,
.# *


You could see an ogre mage and an ogre.

Vanquished Creatures
  A frost giant (IceCv)
  Nessos (D:14)
  Harold (D:8)
  8 hydras
  A centaur warrior (D:13)
  A death knight (D:12)
  15 two-headed ogres
  5 death yaks (Lair:6)
  2 ogre magi (Orc:2)
  An unseen horror (D:12)
  A deep troll (Orc:2)
  A necromancer (Lair:5)
  An oklob plant (Lair:1)
  4 orc knights
  2 ugly things
  A manticore (Lair:3)
  2 cyclopes
  A black mamba (Lair:6)
  Maurice (D:12)
  10 elephants (Lair:6)
  Psyche (D:10)
  27 spiny frogs
  4 rime drakes
  5 komodo dragons
  2 ice devils (Lair:5)
  13 trolls
  15 polar bears
  2 tengu conjurers (D:11)
  4 tyrant leeches (Lair:6)
  2 hornets
  19 blink frogs
  A meliai zombie (D:12)
  12 dream sheep
  7 hippogriffs
  Sigmund (D:5)
  4 wraiths
  A vampire (D:9)
  3 fire bats (Lair:1)
  A hungry ghost (D:8)
  4 wyverns
  77 yaks
  2 basilisks
  6 vampire mosquitoes (Lair:6)
  A steam dragon (D:11)
  5 wargs
  Edmund (D:5)
  A hell hound (Lair:1)
  17 water moccasins
  6 porcupines
  26 orc warriors
  4 ice beasts
  A black bear (D:11)
  A phantom (D:4)
  A necrophage (D:11)
  3 sky beasts
  16 wolves
  17 ogres
  8 centaurs
  9 crocodiles
  2 big kobolds
  Blork the orc (D:6)
  16 bullfrogs
  2 gnoll sergeants
  A water moccasin skeleton (D:4)
  A wyvern skeleton (D:12)
  2 scorpions
  28 killer bees
  7 wights
  2 electric eels
  8 howler monkeys
  5 crimson imps
  3 centaur zombies
  A gnoll shaman (D:5)
  10 hounds
  3 bullfrog skeletons
  A bullfrog zombie (D:9)
  2 human zombies (Ossuary)
  A centaur skeleton (D:5)
  11 orc priests
  A jelly (D:5)
  24 orc wizards
  4 iguanas
  10 worker ants
  A yak simulacrum (Lair:5)
  4 polar bear simulacra (Lair:5)
  3 wolf simulacra (Lair:5)
  A killer bee zombie (D:10)
  2 hound zombies
  A hound skeleton (D:11)
  5 mummies
  2 worker ant zombies
  20 gnolls
  14 adders
  4 shadow imps
  3 oozes
  2 adder zombies
  4 adder skeletons
  4 worms
  7 leopard geckos
  86 orcs
  5 ball pythons (Sewer)
  4 giant cockroaches
  A gnoll zombie (Ossuary)
  6 goblins
  8 hobgoblins
  14 jackals
  A quokka (D:3)
  10 bats
  13 frilled lizards
  2 goblin zombies
  2 hobgoblin zombies (Ossuary)
  11 kobolds
  2 kobold zombies
  A leopard gecko skeleton (D:5)
  An orc zombie (Ossuary)
  A quokka skeleton (D:4)
  6 rats
  2 rat zombies (Ossuary)
  3 river rat simulacra (Lair:5)
  A plant (Lair:1)
793 creatures vanquished.

Vanquished Creatures (collateral kills)
  A two-headed ogre (D:12)
  A yak (Lair:6)
2 creatures vanquished.

Vanquished Creatures (others)
  A polar bear (IceCv)
  A wolf (IceCv)
  A fire vortex (IceCv)
  19 fungi
  67 plants
89 creatures vanquished.

Grand Total: 884 creatures vanquished

Notes
Turn   | Place    | Note
-------+----------+-------------------------------------------
     0 | D:1      | pompous the Naga Fire Elementalist began the quest for the
                  | Orb.
     0 | D:1      | Reached XP level 1. HP: 15/15 MP: 3/3
   187 | D:1      | Reached XP level 2. HP: 22/22 MP: 3/5
   382 | D:1      | Reached XP level 3. HP: 28/28 MP: 3/6
   411 | D:1      | Learned a level 3 spell: Conjure Flame
  1231 | D:2      | Noticed a bullfrog
  1237 | D:2      | Killed a bullfrog
  1237 | D:2      | Reached XP level 4. HP: 18/36 MP: 0/8
  1368 | D:2      | Reached skill level 1 in Armour
  1368 | D:2      | Reached XP level 5. HP: 42/42 MP: 9/9
  2127 | D:2      | Found a runed translucent door.
  2128 | D:2      | Noticed Crazy Yiuf
  2191 | D:3      | Found a glowing drain.
  2313 | Sewer    | Entered a sewer
  2865 | D:3      | Reached XP level 6. HP: 50/50 MP: 11/11
  3962 | D:4      | Reached XP level 7. HP: 30/56 MP: 9/12
  4169 | D:4      | Reached skill level 1 in Fighting
  4332 | D:4      | Found a stormy altar of Qazlal.
  4338 | D:4      | Found a white marble altar of Elyvilon.
  4342 | D:4      | Became a worshipper of Elyvilon the Healer
  4371 | D:5      | Entered Level 5 of the Dungeon
  4379 | D:5      | Reached skill level 1 in Polearms
  4498 | D:5      | Learned a level 4 spell: Sticky Flame
  4551 | D:4      | Reached skill level 5 in Fire Magic
  4884 | D:5      | Reached XP level 8. HP: 61/64 MP: 2/14
  5003 | D:5      | Noticed Sigmund
  5074 | D:5      | Reached skill level 2 in Polearms
  5171 | D:5      | Found Zauthoc's Food Emporium.
  5172 | D:5      | Found Avacipp's Magic Scroll Shoppe.
  5260 | D:5      | Noticed Edmund
  5269 | D:5      | Killed Edmund
  5366 | D:5      | Killed Sigmund
  5472 | D:5      | Found Leotz's Weapon Shoppe.
  5522 | D:5      | Reached skill level 5 in Spellcasting
  5559 | D:5      | Found a radiant altar of Vehumet.
  5654 | D:6      | Reached * piety under Elyvilon
  5932 | D:6      | Noticed Blork the orc
  5944 | D:6      | Killed Blork the orc
  5997 | D:6      | Found a sand-covered staircase.
  6011 | Ossuary  | Entered an ossuary
  6037 | Ossuary  | Reached skill level 3 in Polearms
  6061 | Ossuary  | Reached XP level 9. HP: 33/73 MP: 10/16
  6164 | Ossuary  | Reached ** piety under Elyvilon
  6278 | Ossuary  | Gained mutation: Your spells are a little harder to cast,
                  | but a little more powerful. [potion of mutation]
  6278 | Ossuary  | Gained mutation: You are partially covered in slimy green
                  | scales. (AC +2) [potion of mutation]
  6278 | Ossuary  | Gained mutation: You are agile. (Dex +2) [potion of
                  | mutation]
  6279 | Ossuary  | Lost mutation: Your spells are a little harder to cast, but
                  | a little more powerful. [potion of mutation]
  6279 | Ossuary  | Lost mutation: You are agile. (Dex +2) [potion of mutation]
  6279 | Ossuary  | Lost mutation: You are partially covered in slimy green
                  | scales. (AC +2) [potion of mutation]
  6279 | Ossuary  | Gained mutation: Your flesh is heat resistant. (rF+)
                  | [potion of mutation]
  6279 | Ossuary  | Gained mutation: You are covered in fur. (AC +1) [potion of
                  | mutation]
  6354 | D:6      | Learned a level 5 spell: Fireball
  7095 | D:7      | Found a shadowy altar of Dithmenos.
  7490 | D:7      | Reached *** piety under Elyvilon
  7530 | D:7      | Found a staircase to the Ecumenical Temple.
  7541 | D:7      | Reached skill level 4 in Polearms
  7543 | Temple   | Entered the Ecumenical Temple
  7568 | Temple   | Fell from the grace of Elyvilon
  7568 | Temple   | Became a worshipper of Cheibriados the Contemplative
  7721 | D:7      | Found a shimmering altar of Xom.
  7722 | D:7      | Found an ornate altar of the Wu Jian Council.
  8036 | D:7      | Lost mutation: Your flesh is heat resistant. (rF+) [potion
                  | of mutation]
  8036 | D:7      | Lost mutation: You are covered in fur. (AC +1) [potion of
                  | mutation]
  8036 | D:7      | Gained mutation: You are dopey. (Int -2) [potion of
                  | mutation]
  8036 | D:7      | Gained mutation: You passively map a small area around you.
                  | [potion of mutation]
  8036 | D:7      | Gained mutation: You can exhale a cloud of poison. [potion
                  | of mutation]
  8071 | D:7      | Found a sacrificial altar of Ru.
  8365 | D:8      | Reached skill level 5 in Conjurations
  8531 | D:8      | Reached * piety under Cheibriados
  9121 | D:8      | Reached skill level 5 in Polearms
  9121 | D:8      | Reached skill level 1 in Shields
  9121 | D:8      | Reached XP level 10. HP: 84/84 MP: 7/19
  9152 | D:8      | Found a radiant altar of Vehumet.
  9168 | D:8      | You fall into a shaft and drop 2 floors!
  9168 | D:10     | Entered Level 10 of the Dungeon
  9180 | D:10     | Reached ** piety under Cheibriados
  9241 | D:10     | Noticed a two-headed ogre
  9247 | D:10     | Was placed under penance by Cheibriados
  9250 | D:10     | Killed a two-headed ogre
  9250 | D:10     | Reached skill level 6 in Polearms
  9359 | D:10     | Was forgiven by Cheibriados
  9394 | D:10     | Noticed Psyche
  9400 | D:10     | Killed Psyche
  9460 | D:10     | Reached skill level 7 in Polearms
  9957 | D:9      | Reached *** piety under Cheibriados
 10253 | D:9      | Reached skill level 8 in Polearms
 10290 | D:9      | Found a staircase to the Lair.
 10719 | D:8      | Noticed Harold
 10728 | D:8      | Killed Harold
 10728 | D:8      | Reached skill level 5 in Shields
 10728 | D:8      | Reached skill level 1 in Invocations
 10728 | D:8      | Reached XP level 11. HP: 65/90 MP: 12/20
 11191 | D:10     | Reached **** piety under Cheibriados
 11823 | D:11     | Reached skill level 1 in Throwing
 11968 | D:11     | Reached skill level 9 in Polearms
 12037 | D:11     | Reached ***** piety under Cheibriados
 12329 | D:11     | Noticed a purple ugly thing
 12339 | D:11     | Killed a purple ugly thing
 13063 | D:12     | Noticed Maurice
 13101 | D:12     | Noticed a two-headed ogre
 13109 | D:12     | Killed a two-headed ogre
 13138 | D:12     | Noticed a two-headed ogre
 13149 | D:12     | Killed a two-headed ogre
 13179 | D:12     | Killed Maurice
 13206 | D:12     | Reached XP level 12. HP: 97/97 MP: 21/21
 13425 | D:12     | Reached ****** piety under Cheibriados
 13454 | D:12     | Reached skill level 10 in Polearms
 13841 | D:12     | You fall into a shaft and drop 1 floor!
 13946 | D:13     | Reached skill level 5 in Invocations
 14017 | D:13     | Noticed a two-headed ogre
 14022 | D:13     | Killed a two-headed ogre
 14973 | D:13     | Noticed a centaur warrior
 14980 | D:13     | Killed a centaur warrior
 15484 | D:14     | Noticed Nessos
 15501 | D:14     | Killed Nessos
 15514 | D:14     | Noticed Azrael
 15582 | D:14     | Reached skill level 5 in Armour
 15833 | D:14     | Noticed a fire dragon
 15891 | D:12     | Noticed a death knight
 15995 | D:12     | Killed a death knight
 16209 | D:12     | Found a staircase to the Orcish Mines.
 16523 | Lair:1   | Entered Level 1 of the Lair of Beasts
 16907 | Lair:1   | Found a transporter.
 16925 | Lair:1   | Gained mutation: You can use your snake-like lower body to
                  | constrict enemies. [Naga growth]
 16925 | Lair:1   | Reached XP level 13. HP: 108/108 MP: 18/22
 17411 | Lair:1   | Found a transporter.
 17500 | Lair:1   | Reached skill level 5 in Fighting
 17869 | Lair:1   | Reached skill level 11 in Polearms
 18508 | Lair:2   | Found a staircase to the Snake Pit.
 19635 | Lair:3   | Found the cursed +14 obsidian axe {chop, +Fly SInv *Curse}
 19649 | Lair:3   | Got a bloodstained chain mail
 19660 | Lair:3   | Identified the +1 chain mail of Okawaru's Approval {Dex+3}
                  | (You found it on level 3 of the Lair of Beasts)
 19718 | Lair:3   | Identified the +2 leather armour "Weucw" {rElec rF+} (You
                  | found it on level 3 of the Lair of Beasts)
 20266 | Lair:3   | Found a staircase to the Shoals.
 21834 | Lair:5   | Found a frozen archway.
 21850 | Lair:5   | Reached XP level 14. HP: 94/118 MP: 24/24
 22000 | IceCv    | Entered an ice cave
 22134 | IceCv    | Identified the Papyrus of the Entourage and Toxins
 22951 | IceCv    | Noticed a frost giant
 22966 | IceCv    | Killed a frost giant
 22966 | IceCv    | Reached skill level 12 in Polearms
 24391 | Lair:6   | Entered Level 6 of the Lair of Beasts
 24422 | Lair:6   | Learned a level 6 spell: Statue Form
 24644 | Lair:6   | Reached skill level 10 in Armour
 24949 | Lair:6   | Reached XP level 15. HP: 66/128 MP: 16/26
 25951 | Lair:6   | Found a viscous altar of Jiyva.
 25951 | Lair:6   | Found a staircase to the Slime Pits.
 26031 | Lair:6   | Reached skill level 13 in Polearms
 26360 | Lair:6   | Got a brightly glowing steel ring
 26361 | Lair:6   | Identified the ring of Huheyt {EV+1 Dex+7} (You found it on
                  | level 6 of the Lair of Beasts)
 26854 | Orc:1    | Entered Level 1 of the Orcish Mines
 27182 | Orc:1    | Found a roughly hewn altar of Beogh.
 27198 | Orc:1    | Found Ninuu's Book Shop.
 27427 | Orc:1    | Found a runed translucent door.
 27428 | Orc:1    | Noticed Xusef's ghost (journeyman MiMo)
 27671 | Lair:1   | Got a heavily runed copper ring
 27691 | Lair:1   | Identified the ring "Riraozin" {rPois rC+ MP+9 Str+2
                  | Slay+2} (You found it on level 1 of the Lair of Beasts)
 27829 | Orc:2    | Entered Level 2 of the Orcish Mines
 29286 | Orc:2    | Found Tylehaux's General Store.
 29350 | Orc:2    | Killed from afar by an ogre mage

Levels and vault maps discovered:
D:1:      zaba_arrival_water, layout_loops_ring
D:2:      layout_loops_ring, uniq_crazy_yiuf_cottage
D:3:      layout_rooms, cheibrodos_sewer_entry_bend
D:4:      layout_basic, amethyst_overflow_temple_binary
D:5:      layout_cave_pools, vehumet_statue, first_ration, serial_shops,
          nicolae_shop_trees, nicolae_shop_behind_doors, shop_statue,
          sigmund_edmund_badplayer
D:6:      layout_loops_corners, nicolae_ossuary_entry_giza, uniq_edmund,
          uniq_blork_the_orc
D:7:      layout_basic, nicolae_dithmenos_the_darkroom,
          nicolae_overflow_hidden_temple, minmay_temple_entry_mini_moons,
          small_statue_intersection
D:8:      layout_basic, basic_altar, lightli_minifort, uniq_harold
D:9:      layout_basic, lair_entry_dummy
D:10:     layout_irregular_city, blue_anna_alchemist [blue_anna_fruit_fields,
          blue_anna_fruit_fields], uniq_psyche
D:11:     layout_basic, chequers_serial_rivers_micro_c
D:12:     layout_cross, david_orc_1_choice, kennysheep_generic_room_13,
          uniq_maurice
D:13:     layout_basic
D:14:     layout_gridville, grunt_vaults_entry_tiered, fedhas_altar_3,
          uniq_azrael, uniq_rupert, uniq_nessos
Temple:   nicolae_temple_great_sept
Lair:1:   gammafunk_cloud_chamber, layout_cave_pods,
          infiniplex_staircase_pool_2, minmay_lair_oklob_chamber,
          grunt_megastairs_4
Lair:2:   layout_hall_layers, dummy_snake_entry, serial_rivers,
          chequers_serial_rivers_marsh, chequers_serial_rivers_small_3,
          chequers_serial_rivers_micro_b, chequers_serial_rivers_micro_e,
          chequers_serial_rivers_room_b
Lair:3:   layout_regular_city, minmay_shoals_entry_beasts
Lair:4:   layout_big_grid, lemuel_fruit_fields
Lair:5:   layout_gridlike, portal_ice_cave_demonic_guard,
          chequers_serial_rivers_micro_a, eino_house_with_fridge,
          lemuel_fruit_fields
Lair:6:   minmay_lair_end_frog_pond, layout_hall_layers, slime_altar_1
Orc:1:    layout_caves, serial_shops, nicolae_shop_stone, gammafunk_ghost_grave,
          basic_altar
Orc:2:    st_orc_open, layout_diamond_mine, serial_shops, shop

Skill      XL: |  1  2  3  4  5  6  7  8  9 10 11 12 13 14 15 |
---------------+----------------------------------------------+-----
Spellcasting   | 3 4 5 6 7 8 |  8.2
Fire Magic     | 4 5 6 7 8 |  8.9
Armour         | 1 2 3 4 5 8 10 11 | 11.4
Conjurations   | 2 3 4 5 6 7 |  7.4
Fighting       | 1 2 3 4 5 6 8 |  8.2
Polearms       | 1 3 5 8 9 10 11 12 13 | 13.6
Stealth        | 4 |  4.9
Shields        | 1 5 7 8 |  8.6
Invocations    | 1 4 6 7 |  7.0
Throwing       | 3 4 |  4.6
Dodging        | |  1.7
Evocations     | |  0.9

Action                   |  1- 3 |  4- 6 |  7- 9 | 10-12 | 13-15 || total
-------------------------+-------+-------+-------+-------+-------++-------
Melee: Short sword       |    25 |    12 |       |       |       ||    37
       Spear             |       |    59 |       |       |       ||    59
       Trident           |       |    11 |   207 |   523 |  1002 ||  1743
       Constrict         |       |       |       |       |   230 ||   230
Throw: Stone             |       |     2 |       |     3 |       ||     5
       Dart              |       |       |       |    74 |   137 ||   211
       Boomerang         |       |       |       |    60 |    41 ||   101
 Cast: Flame Tongue      |    39 |    88 |   207 |   154 |   121 ||   609
       Sticky Flame      |       |       |     5 |    22 |    81 ||   108
       Conjure Flame     |       |       |       |    22 |    58 ||    80
       Fireball          |       |       |       |       |    10 ||    10
Invok: Lesser Healing    |       |       |     1 |       |       ||     1
       Bend Time         |       |       |       |       |     4 ||     4
       Slouch            |       |       |       |       |     4 ||     4
 Abil: Spit Poison       |     4 |    16 |    24 |       |       ||    44
       Breathe Poison Ga |       |       |     8 |    45 |    25 ||    78
Evoke: Wand              |       |       |     8 |     9 |     1 ||    18
       Phantom mirror    |       |       |       |     1 |       ||     1
       Phial of floods   |       |       |       |       |     1 ||     1
       Box of beasts     |       |       |       |       |     1 ||     1
  Use: Scroll            |       |       |    14 |     8 |    13 ||    35
       Potion            |       |       |     5 |     2 |     5 ||    12
 Stab: Sleeping          |       |     2 |     5 |     6 |       ||    13
       Distracted        |       |     1 |       |     3 |       ||     4
       Paralysed         |       |       |       |    13 |       ||    13
  Eat: Chunk             |     1 |     8 |    15 |    25 |    44 ||    93
       Ration            |       |       |     1 |     1 |       ||     2
Armor: Robe              |    16 |       |       |       |       ||    16
       Troll leather arm |       |    33 |   112 |   130 |       ||   275
       Chain mail        |       |       |       |    29 |   356 ||   385
       Skin              |       |       |       |       |    27 ||    27
Dodge: Dodged            |    30 |    53 |   184 |   153 |   199 ||   619
       Deflected         |       |       |       |       |     6 ||     6
Block: Shield            |       |     1 |     4 |   398 |   663 ||  1066

Table legend:
 A = Non-vault XP
 B = Vault XP
 C = Vault XP percentage of total XP
 D = Non-vault monster count
 E = Vault monster count
 F = Vault count percentage of total count
                 A         B        C        D         E       F
            +---------+---------+-------+---------+---------+-------
      Total |   83506 |   44483 |  34.8 |     602 |     192 |  24.2
            +---------+---------+-------+---------+---------+-------
        D:1 |      61 |       0 |   0.0 |      30 |       0 |   0.0
        D:2 |     151 |       0 |   0.0 |      20 |       0 |   0.0
        D:3 |     144 |      10 |   6.5 |      24 |       2 |   7.7
        D:4 |     668 |       0 |   0.0 |      19 |       0 |   0.0
        D:5 |     675 |     388 |  36.5 |      21 |       2 |   8.7
        D:6 |      42 |     111 |  72.5 |       1 |       4 |  80.0
        D:7 |     785 |       0 |   0.0 |      28 |       0 |   0.0
        D:8 |    1534 |    1235 |  44.6 |      30 |       6 |  16.7
        D:9 |    1433 |       0 |   0.0 |      32 |       0 |   0.0
       D:10 |    2901 |     524 |  15.3 |      31 |       2 |   6.1
       D:11 |    5399 |       0 |   0.0 |      53 |       0 |   0.0
       D:12 |    6681 |    1075 |  13.9 |      34 |      10 |  22.7
       D:13 |    5236 |       0 |   0.0 |      29 |       0 |   0.0
       D:14 |     399 |    1315 |  76.7 |       6 |       1 |  14.3
     Lair:1 |    4967 |    1730 |  25.8 |      19 |       6 |  24.0
     Lair:2 |    4326 |       0 |   0.0 |      19 |       0 |   0.0
     Lair:3 |    6102 |     776 |  11.3 |      19 |       2 |   9.5
     Lair:4 |    4880 |       0 |   0.0 |      22 |       0 |   0.0
     Lair:5 |    6181 |    1542 |  20.0 |      22 |      14 |  38.9
     Lair:6 |   19744 |   13385 |  40.4 |      57 |      47 |  45.2
      Orc:1 |    4463 |       0 |   0.0 |      49 |       0 |   0.0
      Orc:2 |    6734 |   11505 |  63.1 |      37 |      22 |  37.3
      Sewer |       0 |      39 | 100.0 |       0 |      13 | 100.0
    Ossuary |       0 |     190 | 100.0 |       0 |      16 | 100.0
      IceCv |       0 |   10658 | 100.0 |       0 |      45 | 100.0
            +---------+---------+-------+---------+---------+-------
